 Dungeon Crawl Stone Soup version 0.27-a0-1101-ge311f74bc8 (webtiles) character file.

Game seed: 8570197680943949440

23 ragingrage the Chopper (level 3, 0/24 HPs)
             Began as a Human Wanderer on Apr 28, 2021.
             Was a Follower of the Shining One.
             Succumbed to an adder's poison
             ... on level 2 of the Dungeon.
             The game lasted 00:00:59 (1303 turns).

ragingrage the Chopper (Human Wanderer)             Turns: 1303, Time: 00:00:59

Health: 0/24       AC:  2    Str: 13    XL:     3   Next: 12%
Magic:  3/3        EV: 11    Int: 10    God:    the Shining One [*.....]
Gold:   118        SH:  0    Dex: 14    Spells: 2/2 levels left

rFire    . . .     SeeInvis .   a - +2 hand axe
rCold    . . .     Faith    .   (no shield)
rNeg     . . .     Spirit   .   d - +0 robe
rPois    .         Reflect  .   (no helmet)
rElec    .         Harm     .   (no cloak)
rCorr    .         Rampage  .   (no gloves)
Will     .....                  (no boots)
Stlth    +.........             (no amulet)
HPRegen  0.08/turn              (no ring)
MPRegen  0.08/turn              (no ring)

@: lethally poisoned (0 -> -5), glowing
A: no striking features
a: Renounce Religion


You were on level 2 of the Dungeon.
You worshipped the Shining One.
The Shining One was aware of your devotion.
You visited 1 branch of the dungeon, and saw 2 of its levels.

You collected 118 gold pieces.

Inventory:

Hand Weapons
 a - a +2 hand axe (weapon)
 b - a +0 mace
Armour
 d - a +0 robe (worn)
Scrolls
 e - a scroll of noise {unknown}
 f - a scroll of amnesia {unknown}
Potions
 c - 3 potions of curing


   Skills:
 + Level 4.1 Axes
 - Level 2.0 Armour
 - Level 1.0 Shields
 - Level 3.0 Unarmed Combat
 - Level 1.0 Evocations


You had 2 spell levels left.
You didn't know any spells.
Your spell library was empty.

Dungeon Overview and Level Annotations

Branches:
Dungeon (2/15)

Altars:
The Shining One

Shops:
D:1 [


Message History

You hit the adder.
The adder is heavily wounded.
You feel sick. The adder closely misses you.
You closely miss the adder. Your punch misses the adder.
The adder is heavily wounded.
You feel sick. The adder bites you.
You are lethally poisoned!
The adder poisons you!
You are too injured to fight recklessly!
You are too injured to fight recklessly!
You are too injured to fight recklessly!
You are too injured to fight recklessly!
You are too injured to fight recklessly!
You are too injured to fight recklessly!
You are too injured to fight recklessly!
You are too injured to fight recklessly!
You are too injured to fight recklessly!
You are too injured to fight recklessly!
You are too injured to fight recklessly!
You are too injured to fight recklessly!
You are too injured to fight recklessly!
You are too injured to fight recklessly!
You are too injured to fight recklessly!
You are too injured to fight recklessly!
You hit the adder.
The adder is severely wounded.
* * * LOW HITPOINT WARNING * * *
You feel very sick. The adder bites you.
* * * LOW HITPOINT WARNING * * *
The adder bites you.
* * * LOW HITPOINT WARNING * * *
Unknown command.
You closely miss the adder.
The adder is heavily wounded.
* * * LOW HITPOINT WARNING * * *
You feel sick. The adder closely misses you.
You closely miss the adder.
The adder is heavily wounded.
You die...

.....#.....#
.....#.....# #####
.....#.....###...####
.....#...>...........
.....'...............
.....#########^..####
......# #...#######
......# #..........
#####.# #..@S......
#.# #..........
#.########..........
#.................$.
#..........####.....
#..........# .....
#####..........# ....
#.....######### ####
#.#####


You could see an adder.

Vanquished Creatures
  2 dart slugs
  2 ball pythons
  2 endoplasms
  A giant cockroach (D:1)
  2 goblins (D:1)
  A hobgoblin (D:2)
  A kobold (D:2)
  A quokka (D:1)
  4 bats (D:1)
  A frilled lizard (D:1)
  A rat (D:2)
18 creatures vanquished.

Notes
Turn   | Place    | Note
-------+----------+-------------------------------------------
     0 | D:1      | ragingrage the Human Wanderer began the quest for the Orb.
     0 | D:1      | ragingrage set off with the following items: a +2 hand axe,
                  | a +0 mace, a potion of curing, a +0 robe
     0 | D:1      | Reached XP level 1. HP: 13/13 MP: 1/1
   501 | D:1      | Found a faded altar of an unknown god.
   508 | D:1      | Reached XP level 2. HP: 19/19 MP: 2/2
   508 | D:1      | Found Zetwuwn's Armour Emporium.
   516 | D:1      | Became a worshipper of the Shining One
   516 | D:1      | Reached * piety under the Shining One
  1008 | D:2      | Reached skill level 4 in Axes
  1008 | D:2      | Reached XP level 3. HP: 10/24 MP: 3/3
  1302 | D:2      | HP: 1/24 [poisoned by an adder]
  1303 | D:2      | Succumbed to an adder's poison

Illustrated notes

Levels and vault maps discovered:
D:1:      dpeg_arrival_stonehenge_8_columns, layout_loops_corners, serial_shops,
          shop, ebering_ecumenical_altar_mist, minivault_24
D:2:      layout_basic, uniq_robin

Skill      XL: |  1  2 |
---------------+-------+-----
Axes           | 4 |  4.1
Armour         | |  2.0
Shields        | |  1.0
Unarmed Combat | |  3.0
Evocations     | |  1.0

Action                   || total
-------------------------++-------
Melee: Hand axe          ||    44
       Punch             ||     1
 Stab: Sleeping          ||     1
Armor: Robe              ||     8
Dodge: Dodged            ||    25

Table legend: (Time is in decaauts)
 A = Elapsed time spent in this place.
 B = Non-inter-level travel time spent in this place.
 C = Inter-level travel time spent in this place.
 D = Time resting spent in this place.
 E = Time spent auto-exploring this place.
 F = Levels seen in this place.
 G = Mean time per level.
                   A        B        C        D        E       F      G
               +--------+--------+--------+--------+--------+-----+--------+
         Total |   1307 |   1286 |     21 |    140 |   1033 |   2 |  653.5 |
       Dungeon |   1307 |   1286 |     21 |    140 |   1033 |   2 |  653.5 |
               +--------+--------+--------+--------+--------+-----+--------+

Top non-repeatable levels by time:
     D:1: 930 daAuts
     D:2: 377 daAuts
